 Dungeon Crawl Stone Soup version 0.31-a0-150-g89dc3ad700 (webtiles) character file.

Game seed: 977374405438059234

30954 Midn8 the Carver (level 13, -1/1 (103) HPs)
             Began as a Barachi Reaver on June 8, 2023.
             Was a High Priest of Lugonu.
             Slain by an elephant (2 damage)
             ... on level 4 of the Lair of Beasts.
             The game lasted 00:50:51 (14946 turns).

Midn8 the Carver (Barachi Reaver)                  Turns: 14946, Time: 00:50:52

HP:   -1/1 (103)    AC: 19    Str: 15    XL:     13   Next: 55%
MP:   0/20          EV: 13    Int: 16    God:    Lugonu [*****.]
Gold: 520           SH: 11    Dex: 12    Spells: 13/22 levels left

rFire   + . .        y - +1 long sword (elec)
rCold   . . .        G - +1 kite shield {rF+}
rNeg    . . .        K - +1 acid dragon scales
rPois   +            P - +2 hood of the Assassin {Detect Stab+ Stlth++}
rElec   .            F - +0 cloak
rCorr   +            o - +0 pair of gloves
SInv    .            r - +2 pair of boots
Will    .....        v - amulet of regeneration
Stlth   +++          k - +4 ring of protection
HPRegen 1.00/turn    H - ring of poison resistance
MPRegen 0.17/turn

%: no passive effects
@: very slightly contaminated, extremely drained, slow
A: amphibious, slowness 1, strong legs 2, +LOS
a: Hop, Renounce Religion, Depart the Abyss, Banish, Corrupt, Enter the Abyss


You were on level 4 of the Lair of Beasts.
You worshipped Lugonu.
Lugonu was extremely pleased with you.
You visited 2 branches of the dungeon, and saw 14 of its levels.

You collected 975 gold pieces.
You spent 455 gold pieces at shops.

Inventory:

Hand Weapons
 a - a +1 falchion of venom
 y - a +1 long sword of electrocution (weapon)
 N - a +0 scimitar
Missiles
 D - 2 datura-tipped darts
 I - 5 poisoned darts
 J - 10 curare-tipped darts
Armour
 o - a +0 pair of gloves (worn)
 r - a +2 pair of boots (worn)
 F - a +0 cloak (worn)
 G - a +1 kite shield of fire resistance (worn)
 K - +1 acid dragon scales (worn)
 P - the +2 hood of the Assassin (worn) {Detect Stab+ Stlth++}
   (You found it on level 3 of the Lair of Beasts)

   Detect:    It allows the wearer to sense nearby creatures.
   Stab+:     It allows the wearer to make particularly effective stabbing
   attacks against helpless or unaware enemies with any weapon.
   Stlth:     It makes you much more stealthy.
Jewellery
 c - a ring of fire
 h - an amulet of magic regeneration
 k - a +4 ring of protection (left hand)
 n - a +6 ring of intelligence
 s - an amulet of guardian spirit
 v - an amulet of regeneration (around neck)
 H - a ring of poison resistance (right hand)
 M - a ring of protection from cold
Wands
 t - a wand of iceblast (8)
 z - a wand of flame (24)
 A - a wand of charming (4)
 C - a wand of polymorph (7)
Scrolls
 g - 3 scrolls of teleportation
 u - 7 scrolls of blinking
 B - a scroll of magic mapping
 E - 2 scrolls of poison
 L - a scroll of enchant weapon
 O - a scroll of silence
Potions
 b - a potion of haste {unknown}
 d - 5 potions of heal wounds
 e - a potion of berserk rage {unknown}
 f - 4 potions of curing
 i - 6 potions of might
 j - 7 potions of enlightenment
 l - 3 potions of lignification {unknown}
 m - 3 potions of attraction {unknown}
 p - 2 potions of resistance {unknown}
 q - 3 potions of magic {unknown}
 w - 3 potions of mutation {unknown}
 x - 6 potions of ambrosia


   Skills:
 - Level 10.0 Fighting
 - Level 14.0 Long Blades
 - Level 4.4 Armour
 - Level 8.0 Dodging
 - Level 7.5 Shields
 - Level 5.0 Spellcasting
 - Level 6.0 Conjurations
 - Level 2.2 Translocations
 - Level 7.0 Air Magic
 - Level 5.0 Poison Magic
 + Level 9.8 Invocations


You had 13 spell levels left.
You knew the following spells:

 Your Spells              Type           Power      Damage    Failure   Level
a - Kiss of Death         Conj/Necr      52%        2d9       16%         1
c - Mephitic Cloud        Conj/Pois/Air  23%        N/A       13%         3
s - Momentum Strike       Conj/Tloc      34%        3d8       14%         2
S - Swiftness             Air            26%        N/A       9%          3

Your spell library contained the following spells:

 Spells                   Type           Power      Damage    Failure   Level
 Shock                    Conj/Air       96%        1d9       3%          1
 Hailstorm                Conj/Ice       13%        3d5       41%         3
 Summon Small Mammal      Summ           16%        N/A       45%         1
 Ensorcelled Hibernation  Hex/Ice        8%         N/A       61%         2
 Passwall                 Tmut/Erth      3%         N/A       61%         2
 Sublimation of Blood     Necr           4%         N/A       61%         2
 Wereblood                Tmut           4%         N/A       61%         2
 Call Canine Familiar     Summ           4%         N/A       83%         3
 Summon Guardian Golem    Hex/Summ       4%         N/A       83%         3
 Silence                  Hex/Air        7%         N/A       98%         5
 Simulacrum               Ice/Necr       2%         N/A       100%        6
 Ozocubu's Refrigeration  Ice            2%         4d7       100%        7
 Summon Hydra             Summ           2%         N/A       100%        7
 Polar Vortex             Ice            2%         N/A       100%        9


Dungeon Overview and Level Annotations

Branches:
Dungeon (10/15)            Temple (0/1) D:4            Lair (4/5) D:10
  Swamp (0/4) Lair:2        Snake (0/4) Lair:3          Orc (0/2) D:10
  Slime: Lair:4-5

Altars:
Cheibriados
Okawaru
Qazlal
Vehumet
Wu Jian
Xom
The Shining One
Lugonu

Shops:
D:2 :[[=   D:4 (

Annotations:
Lair:4 3 runed translucent doors


Innate Abilities, Weirdness & Mutations

You are amphibious.
You cover ground slowly.
You can hop long distances.
You have an extended range of vision and can be seen from far away.


Message History

The yak is killed!
Lugonu accepts your kill.
The yak gores itself but does no damage.
The negative energy hits the yak!
The yak is drained!
You kill the yak!
Lugonu accepts your kill.
You feel drained.
The negative energy hits the elephant.
The elephant is drained!
The elephant is lightly wounded.
You feel drained. You block the elephant's attack.
The elephant trunk-slaps you but does no damage.
The negative energy hits the elephant.
The elephant is drained!
The elephant is lightly wounded.
You feel drained. The elephant closely misses you.
You block the elephant's attack.
The negative energy hits the elephant!
The elephant is drained!
The elephant is moderately wounded.
You feel drained. The elephant closely misses you.
You block the elephant's attack.
The negative energy hits the elephant but does no damage.
The elephant is drained!
The elephant is moderately wounded.
You feel drained. You block the elephant's attack. x2
You are out of magic!
You are out of magic!
You are out of magic!
You are out of magic!
Casting: Kiss of Death (safe; 16% risk of failure)
Confirm with . or Enter, or press ? or * to list all spells.
You don't have enough magic to cast this spell.
Okay, then.
The elephant trumpets!
You hit the elephant.
The elephant is heavily wounded.
The elephant barely misses you. You block the elephant's attack.
You hit the elephant but do no damage.
The elephant is moderately wounded.
The elephant tramples you.
Ouch! That really hurt!
You die...

##......... #.Y........
#.......... ##Y....Y...
##.Y.......
###..........
###.##.........
####.#............
#@##..Y...........
##Y†YY...#.......P
##Y.....#........P
##......##........#
..##
###.....P.###........
...
##...................>
..
##.....................
.##
#......................
.. #...........#####


You could see 2 elephants and 2 yaks.

Vanquished Creatures
  2 death yaks (Lair:3)
  A deep troll (Lair:2)
  9 elephants
  Maurice (D:8)
  Joseph (D:7)
  3 black mambas
  10 cane toads
  4 komodo dragons
  A rime drake (Lair:3)
  4 polar bears
  A tyrant leech (Lair:2)
  Grinder (D:6)
  2 hornets (D:9)
  5 blink frogs (Lair:4)
  46 yaks
  6 wyverns
  Grum (D:9)
  2 steam dragons
  5 basilisks
  2 acid dragons
  A swamp worm (Lair:2)
  4 nagas (Lair:3)
  8 water moccasins
  Duvessa (D:7)
  An ice beast (D:6)
  A sky beast (D:7)
  3 black bears
  3 ogres
  8 wolves
  3 centaurs
  2 phantoms (D:5)
  2 kobold brigands
  6 bullfrogs
  A gnoll sergeant (D:10)
  Dowan (D:7)
  23 wights
  36 killer bees
  An elephant simulacrum (Lair:1)
  A hound (D:7)
  3 jellies
  4 orc priests
  2 gnoll boudas
  2 sleepcaps
  3 iguanas
  Ijyb (D:3)
  9 orc wizards
  A wolf simulacrum (Lair:1)
  A mummy (D:6)
  17 gnolls
  13 adders
  4 white imps
  An ufetubus (D:4)
  5 worms
  3 dart slugs
  32 orcs
  10 ball pythons
  5 endoplasms
  A giant cockroach (D:4)
  14 goblins
  4 hobgoblins
  2 jackals (D:1)
  4 quokkas
  5 bats
  15 frilled lizards
  12 kobolds
  7 rats
393 creatures vanquished.

Vanquished Creatures (collateral kills)
  A queen bee (Lair:2)
  2 killer bees
3 creatures vanquished.

Grand Total: 396 creatures vanquished

Notes
Turn   | Place    | Note
-------+----------+-------------------------------------------
     0 | D:1      | Midn8 the Barachi Reaver began the quest for the Orb.
     0 | D:1      | Reached XP level 1. HP: 17/17 MP: 3/3
    54 | D:1      | Got the Cyclopedia of Hypothermia and Fumes
   100 | D:1      | Reached XP level 2. HP: 23/23 MP: 5/5
   105 | D:1      | Found a faded altar of an unknown god.
   109 | D:1      | Got Plato's Spellbook of Production
   110 | D:1      | Prayed at the altar of an unknown god.
   110 | D:1      | Became a worshipper of Lugonu the Unformed
   110 | D:1      | Reached * piety under Lugonu
   263 | D:1      | Learned a level 2 spell: Momentum Strike
   449 | D:1      | Reached skill level 1 in Translocations
   449 | D:1      | Reached XP level 3. HP: 28/28 MP: 6/6
   635 | D:2      | Reached ** piety under Lugonu
   646 | D:2      | Found Xis Vycui's Jewellery Shop.
   736 | D:2      | Reached XP level 4. HP: 28/34 MP: 7/7
   836 | D:2      | Found Ciwik's Book Shoppe.
   846 | D:2      | Found Bamn's Armour Shop.
   856 | D:2      | Bought a +0 helmet for 45 gold pieces
   906 | D:2      | Found Wiunit's Armour Emporium.
   911 | D:2      | Bought a +0 pair of gloves for 45 gold pieces
  1007 | D:2      | Reached skill level 1 in Invocations
  1499 | D:3      | Reached XP level 5. HP: 39/39 MP: 5/8
  1559 | D:3      | Noticed Ijyb
  1599 | D:3      | Killed Ijyb
  1849 | D:3      | Reached *** piety under Lugonu
  1895 | D:3      | Reached XP level 6. HP: 20/46 MP: 9/9
  2348 | D:4      | Found a radiant altar of Vehumet.
  2548 | D:4      | Reached skill level 4 in Long Blades
  2695 | D:4      | Found a staircase to the Ecumenical Temple.
  3062 | D:4      | Found Reros's Antique Weapon Shop.
  3246 | D:5      | Entered Level 5 of the Dungeon
  3532 | D:5      | Noticed a water moccasin
  3546 | D:5      | Killed a water moccasin
  3547 | D:5      | Reached skill level 5 in Long Blades
  3547 | D:5      | Reached XP level 7. HP: 23/50 MP: 10/10
  3702 | D:5      | Reached skill level 6 in Long Blades
  3719 | D:5      | Learned a level 3 spell: Mephitic Cloud
  4003 | D:5      | Found an iron altar of Okawaru.
  4046 | D:5      | Reached skill level 5 in Conjurations
  4159 | D:5      | Reached **** piety under Lugonu
  4319 | D:5      | Reached XP level 8. HP: 60/60 MP: 14/14
  4519 | D:5      | Reached skill level 1 in Air Magic
  4519 | D:5      | Reached skill level 1 in Poison Magic
  5102 | D:6      | Reached skill level 7 in Long Blades
  5183 | D:6      | Reached skill level 8 in Long Blades
  5374 | D:6      | Reached skill level 5 in Fighting
  5683 | D:6      | Reached XP level 9. HP: 69/69 MP: 15/15
  5686 | D:6      | Reached skill level 9 in Long Blades
  5714 | D:6      | Found a shimmering altar of Xom.
  6090 | D:6      | Noticed Grinder
  6098 | D:6      | Killed Grinder
  6099 | D:6      | Reached skill level 10 in Long Blades
  6184 | D:6      | Found a snail-covered altar of Cheibriados.
  6455 | D:7      | Reached skill level 5 in Invocations
  6648 | D:7      | Noticed Duvessa
  6650 | D:7      | Noticed Dowan
  6667 | D:7      | Killed Dowan
  6670 | D:7      | Noticed Joseph
  6685 | D:7      | Killed Duvessa
  6702 | D:7      | Killed Joseph
  6702 | D:7      | Reached ***** piety under Lugonu
  6857 | D:7      | Reached skill level 5 in Dodging
  6920 | D:7      | Reached XP level 10. HP: 74/77 MP: 16/16
  7456 | D:8      | Noticed Maurice
  7631 | D:8      | Reached skill level 11 in Long Blades
  7894 | D:8      | Killed Maurice
  8071 | D:2      | Bought a +1 kite shield of fire resistance for 165 gold
                  | pieces
  8720 | D:9      | Found a stormy altar of Qazlal.
  8839 | D:9      | Reached skill level 12 in Long Blades
  9158 | D:9      | Noticed Grum
  9165 | D:9      | Reached XP level 11. HP: 86/86 MP: 10/17
  9167 | D:9      | Killed Grum
  9423 | D:10     | Entered Level 10 of the Dungeon
  9570 | D:10     | Found a staircase to the Orcish Mines.
  9590 | D:10     | Found an ornate altar of the Wu Jian Council.
  9681 | D:10     | Found a staircase to the Lair.
  9698 | D:10     | Reached skill level 1 in Armour
 10260 | D:10     | Found a glowing golden altar of the Shining One.
 10478 | Lair:1   | Entered Level 1 of the Lair of Beasts
 11063 | D:2      | Bought a ring of poison resistance for 200 gold pieces
 11641 | Lair:1   | Reached skill level 5 in Air Magic
 11641 | Lair:1   | Reached skill level 5 in Poison Magic
 11646 | Lair:1   | Reached skill level 5 in Spellcasting
 11646 | Lair:1   | Reached XP level 12. HP: 76/92 MP: 13/19
 11654 | Lair:1   | Reached skill level 1 in Shields
 12148 | Lair:2   | Reached skill level 5 in Shields
 12247 | Lair:2   | Reached skill level 13 in Long Blades
 12654 | Lair:2   | Reached skill level 14 in Long Blades
 13018 | Lair:2   | Found a staircase to the Swamp.
 13319 | Lair:3   | Learned a level 3 spell: Swiftness
 13502 | Lair:3   | Reached skill level 10 in Fighting
 13646 | Lair:3   | Gained mutation: You can hop long distances. [Barachi
                  | growth]
 13646 | Lair:3   | Reached XP level 13. HP: 103/103 MP: 12/20
 13760 | Lair:3   | Found the +2 hood of the Assassin {Detect Stab+ Stlth++}
 13952 | Lair:3   | Found a staircase to the Snake Pit.
 14835 | Lair:4   | Found a runed translucent gate.
 14835 | Lair:4   | Found a runed translucent gate.
 14835 | Lair:4   | Found a runed translucent gate.
 14946 | Lair:4   | Slain by an elephant

Illustrated notes

Levels and vault maps discovered:
D:1:      dpeg_arrival_houses_and_road, layout_rooms,
          shapermc_ecumenical_altar_rom_forum
D:2:      layout_loops_ring, serial_shops, shop, shop,
          nicolae_shop_rolling_square, shop, minmay_lizard_king
D:3:      kennysheep_the_goblin_king, layout_rooms, dreamdust_princess_corridor,
          serial_bayou_crossing, uniq_ijyb
D:4:      layout_basic, nicolae_vehumet_radiance, temple_doors_e, serial_shops,
          kennysheep_little_box, roderic_roman_lattice
D:5:      layout_basic, okawaru_metal_pillars_1_2
D:6:      layout_basic, old_standard_altar, slow_altar_2, uniq_grinder
D:7:      layout_loops_cross, uniq_duvessa, uniq_joseph
D:8:      layout_rooms, kennysheep_minor_cross, kennysheep_generic_room_12,
          uniq_maurice
D:9:      layout_grid_maze, mainiacjoe_overflow_boulevard, uniq_grum
D:10:     layout_irregular_city, mainiacjoe_overflow_brackets,
          mainiacjoe_overflow_24_doors, david_lair_shrubbed,
          serial_co_window_serial, co_window_paths_b, co_window_cross_1,
          co_window_of_opportunity_a, co_window_paths_b, co_window_paths_b,
          co_window_corner_a, co_window_2corner, co_window_cross_2,
          co_window_corner_ca, glass_columns_a, glass_columns_a,
          glass_columns_a, glass_columns_b, glass_columns_a,
          nicolae_nh_ransacked_shop
Lair:1:   layout_misc_corridors, portal_ice_cave_entry_ice_simulacra,
          grunt_megastairs_5, infiniplex_staircase_pool_2, lemuel_fruit_tree
Lair:2:   dreamdust_cave_troll, layout_misc_corridors, minmay_swamp_entry_worms,
          special_room [special_room_bee]
Lair:3:   layout_regular_city, minmay_snake_entry_guardpost_medium
Lair:4:   layout_hall_layers, gammafunk_ghost_split

Skill      XL: |  1  2  3  4  5  6  7  8  9 10 11 12 13 |
---------------+----------------------------------------+-----
Conjurations   | 4 5 6 |  6.0
Translocations | 1 2 |  2.2
Invocations    | 2 3 4 6 7 8 9 |  9.8
Long Blades    | 5 6 8 10 12 14 | 14.0
Fighting       | 4 6 8 10 | 10.0
Spellcasting   | 4 5 |  5.0
Air Magic      | 2 4 5 6 7 |  7.0
Poison Magic   | 2 4 5 |  5.0
Dodging        | 5 8 |  8.0
Armour         | 4 |  4.4
Shields        | 5 7 |  7.5

Action                     |  1- 3 |  4- 6 |  7- 9 | 10-12 | 13-15 || total
---------------------------+-------+-------+-------+-------+-------++-------
  Melee: Falchion          |   123 |   224 |   150 |       |       ||   497
         Punch             |       |     2 |     3 |       |       ||     5
         Long sword        |       |       |   162 |   836 |   211 ||  1209
   Cast: Momentum Strike   |     3 |    16 |    24 |    38 |       ||    81
         Kiss of Death     |       |     2 |       |     1 |     8 ||    11
         Mephitic Cloud    |       |       |     7 |    48 |    21 ||    76
 Invoke: Banish            |       |       |     1 |     6 |     2 ||     9
Ability: Hop               |       |       |     2 |     9 |     3 ||    14
  Evoke: Wand              |       |       |     1 |       |       ||     1
    Use: Scroll            |     2 |     6 |     2 |    11 |       ||    21
         Potion            |       |       |     1 |     1 |       ||     2
   Stab: Confused          |       |       |     5 |    33 |    12 ||    50
 Armour: Leather armour    |    33 |   130 |   139 |    87 |       ||   389
         Skin              |       |       |     4 |       |       ||     4
         Acid dragon scale |       |       |       |   220 |    81 ||   301
  Dodge: Dodged            |    96 |   122 |   196 |   421 |    92 ||   927
  Block: Kite shield       |       |       |       |   302 |   110 ||   412

Table legend: (Time is in decaauts)
 A = Elapsed time spent in this place.
 B = Non-inter-level travel time spent in this place.
 C = Inter-level travel time spent in this place.
 D = Time resting spent in this place.
 E = Time spent auto-exploring this place.
 F = Levels seen in this place.
 G = Mean time per level.
                   A        B        C        D        E       F      G
               +--------+--------+--------+--------+--------+-----+--------+
         Total |  16749 |  15455 |   1294 |   3247 |   8366 |  14 | 1196.4 |
       Dungeon |  12434 |  11258 |   1176 |   2457 |   6315 |  10 | 1243.4 |
          Lair |   4314 |   4196 |    118 |    790 |   2050 |   4 | 1078.5 |
               +--------+--------+--------+--------+--------+-----+--------+

Top non-repeatable levels by time:
     D:5: 1768 daAuts
     D:6: 1664 daAuts
  Lair:3: 1519 daAuts
    D:10: 1435 daAuts
     D:7: 1374 daAuts
     D:9: 1264 daAuts
     D:4: 1232 daAuts
  Lair:1: 1151 daAuts
     D:2: 1141 daAuts
     D:3: 1123 daAuts
  Lair:2: 1116 daAuts
     D:8: 749 daAuts
     D:1: 682 daAuts
  Lair:4: 527 daAuts
